 Dungeon Crawl Stone Soup version 0.25.0-37-gb73750e0fb (webtiles) character file.

Game seed: 18275803768367317268

7492 Ijustatesigmund the Cleaver (level 11, 0/82 HPs)
             Began as an Octopode Gladiator on July 8, 2020.
             Slain by a wraith (14 damage)
             ... led by Josephine
             ... on level 10 of the Dungeon.
             The game lasted 00:16:52 (11346 turns).

Ijustatesigmund the Cleaver (Octopode Gladiator)   Turns: 11346, Time: 00:16:53

Health: 0/82       AC:  2    Str: 16    XL:     11   Next: 16%
Magic:  11/11      EV: 17    Int: 10    God:
Gold:   533        SH:  0    Dex: 15    Spells: 10/10 levels left

rFire    . . .     SeeInvis .   a - +6 war axe
rCold    . . .     Gourm    .   s - +0 buckler
rNeg     + . .     Faith    .   b - +1 hat
rPois    .         Spirit   .   h - amulet of reflection
rElec    .         Reflect  +   j - ring of protection from magic
rCorr    .         Harm     .   u - ring of positive energy
MR       +....                  (no ring)
Stlth    ++........             (no ring)
HPRegen  0.23/turn              (no ring)
MPRegen  0.12/turn              (no ring)
                                (no ring)
                                (no ring)

@: confused, hasted and slowed
A: almost no armour, stealthy swim, amphibious, 8 rings, constrict 8, camouflage
1, gelatinous body 1
a: no special abilities


You were on level 10 of the Dungeon.
You were not hungry.

You visited 2 branches of the dungeon, and saw 11 of its levels.

You collected 533 gold pieces.

Inventory:

Hand Weapons
 a - a +6 war axe (weapon)
 p - a +2 hand axe of holy wrath
 v - a +2 morningstar of flaming
Missiles
 c - 7 throwing nets (quivered)
Armour
 b - a +1 hat (worn)
 s - a +0 buckler (worn)
Jewellery
 h - an amulet of reflection (around mantle)
 j - a ring of protection from magic (left tentacle)
 t - an uncursed ring of fire
 u - a ring of positive energy (right tentacle)
 y - an uncursed ring of fire
Wands
 w - a wand of disintegration (12)
 x - a wand of random effects (38)
Scrolls
 e - 8 scrolls of remove curse
 k - 3 scrolls of teleportation
 l - 2 scrolls of identify
 m - a scroll of fog
 n - a scroll of amnesia
Potions
 f - 2 potions of resistance
 g - a potion of brilliance
 o - 2 potions of flight {unknown}
 r - a potion of haste
 z - 2 potions of curing
Comestibles
 d - 8 rations
 q - 3 chunks of flesh


   Skills:
 + Level 10.3 Fighting
 + Level 10.6 Axes
 - Level 2.0 Throwing
 - Level 6.3 Dodging
 + Level 6.9 Shields


You had 10 spell levels left.
You didn't know any spells.
Your spell library contained the following spells:

 Spells                   Type           Power        Failure   Level  Hunger
 Animate Skeleton         Necr           N/A          36%         1    ##.....
 Apportation              Tloc           #.....       36%         1    ##.....
 Pain                     Necr           #...         36%         1    ##.....
 Summon Butterflies       Summ           #.......     36%         1    ##.....
 Lesser Beckoning         Tloc           #.........   75%         3    ####...
 Tukima's Dance           Hex            #.......     75%         3    ####...
 Vampiric Draining        Necr           #.........   75%         3    ####...
 Animate Dead             Necr           N/A          98%         4    #####..
 Agony                    Necr           #.......     100%        5    ######.
 Alistair's Intoxication  Tmut/Pois      #.......     100%        5    ######.
 Invisibility             Hex            #.......     100%        6    #######


Dungeon Overview and Level Annotations

Branches:
Dungeon (10/15)            Temple (1/1) D:5             Orc (0/2) D:10
   Lair: D:8-11

Altars:
Ashenzari
Cheibriados
Dithmenos
Elyvilon
Fedhas
Gozag
Hepliaklqana
Kikubaaqudgha
Makhleb
Nemelex Xobeh
Okawaru
Qazlal
Ru
Sif Muna
Trog
Uskayaw
Vehumet
Wu Jian
Xom
Yredelemnul
Zin
The Shining One
Lugonu

Annotations:
D:10 Grum, Josephine


Innate Abilities, Weirdness & Mutations

You cannot wear most types of armour.
You are very stealthy in the water. (Stealth+)
You are amphibious.
You can wear up to eight rings at the same time.
You can use your tentacles to constrict eight enemies at once.
Your skin changes colour to match your surroundings (Stealth+).
Your rubbery body absorbs attacks. (AC +1, EV +1)


Message History

The wolf is almost dead.
You constrict the wolf, but do no damage.
You block the wolf's attack.
You slash the wolf!
You kill the wolf!
Okay, then.
Josephine the Decaying Necromancer comes into view.
She is wielding a +3 dagger of draining.
You see here 20 poisoned darts.
There is a stone staircase leading up here.
You are confused.
You feel invigorated. The wraith hits you!
* * * LOW HITPOINT WARNING * * *
The wraith drains your vigour!
You feel yourself slow down.
Josephine says, "I'll make a rug of your skin."
There is a stone staircase leading up, spattered with blood here.
You hit the wraith. Your squeeze misses the wraith.
The wraith is lightly damaged.
The wraith hits you!
You die...

#### ...# .
...# ... ...#
#######.....
...####
#.@Wh@g#
......#
######.#
...##.#### .. #
.......... ...
#...#.## ###.#
#.#.#.####....#
#.............#
###.##........#
# #.##........#


You could see Josephine, Grum, a wraith and a wolf.

Vanquished Creatures
  Harold (D:8)
  Erolcha (D:9)
  A two-headed ogre (D:9)
  Maggie (D:7)
  A troll (D:9)
  2 hippogriffs
  Eustachio (D:6)
  2 yaks
  3 hungry ghosts
  Menkaure (D:6)
  Edmund (D:5)
  2 orc warriors
  2 ice beasts
  A black bear (D:9)
  3 phantoms
  2 ogres
  A sky beast (D:8)
  A wolf (D:10)
  2 centaurs
  A big kobold (D:9)
  4 bullfrogs
  A wyvern skeleton (D:5)
  3 scorpions
  5 wights (D:9)
  2 howler monkeys
  5 crimson imps
  A bullfrog zombie (D:6)
  A quasit (D:9)
  Crazy Yiuf (D:5)
  2 bullfrog skeletons (D:9)
  5 orc priests
  5 hounds
  3 jellies
  8 orc wizards
  An iguana (D:5)
  7 worker ants
  A hound zombie (D:10)
  A hound skeleton (D:8)
  6 gnolls
  15 adders
  3 shadow imps
  An ooze (D:4)
  An adder zombie (D:5)
  2 adder skeletons
  2 worms
  2 dart slugs
  4 leopard geckos
  39 orcs
  A ball python (D:5)
  7 giant cockroaches
  13 goblins
  11 hobgoblins
  13 jackals
  14 kobolds
  3 quokkas
  6 bats
  8 frilled lizards
  10 rats
247 creatures vanquished.

Notes
Turn   | Place    | Note
-------+----------+-------------------------------------------
     0 | D:1      | Ijustatesigmund the Octopode Gladiator began the quest for
                  | the Orb.
     0 | D:1      | Reached XP level 1. HP: 14/14 MP: 1/1
     3 | D:1      | Noticed an electric eel
     3 | D:1      | Noticed an electric eel
   165 | D:1      | Reached XP level 2. HP: 20/20 MP: 2/2
   254 | D:1      | Found a shattered altar of Ashenzari.
   553 | D:1      | Reached XP level 3. HP: 25/25 MP: 3/3
  1389 | D:2      | Reached XP level 4. HP: 27/31 MP: 4/4
  1854 | D:2      | Reached XP level 5. HP: 31/37 MP: 5/5
  2991 | D:2      | Reached skill level 5 in Axes
  3312 | D:3      | Reached XP level 6. HP: 43/44 MP: 6/6
  3463 | D:3      | Found a radiant altar of Vehumet.
  3536 | D:3      | HP: 1/44 [orc wizard/puff of frost (9)]
  3666 | D:3      | Found a snail-covered altar of Cheibriados.
  4208 | D:4      | Reached skill level 5 in Fighting
  4464 | D:4      | Reached XP level 7. HP: 33/50 MP: 7/7
  4996 | D:5      | Entered Level 5 of the Dungeon
  5207 | D:5      | Found a staircase to the Ecumenical Temple.
  5328 | Temple   | Entered the Ecumenical Temple
  5587 | D:5      | Reached XP level 8. HP: 52/57 MP: 8/8
  5612 | D:5      | Noticed Edmund
  5621 | D:5      | Killed Edmund
  5979 | D:5      | Reached skill level 5 in Dodging
  6235 | D:5      | Found a runed translucent door.
  6236 | D:5      | Noticed Crazy Yiuf
  6297 | D:5      | Killed Crazy Yiuf
  6401 | D:6      | Noticed Eustachio
  6411 | D:6      | Killed Eustachio
  6634 | D:6      | Noticed Menkaure
  6640 | D:6      | Killed Menkaure
  6640 | D:6      | Reached XP level 9. HP: 32/64 MP: 9/9
  6905 | D:6      | Found a stormy altar of Qazlal.
  7046 | D:6      | Found a glowing silver altar of Zin.
  7667 | D:7      | Reached skill level 1 in Shields
  7718 | D:7      | Found a glowing golden altar of the Shining One.
  7821 | D:7      | Found a hide-covered altar of Uskayaw.
  7822 | D:7      | Found an opulent altar of Gozag.
  7833 | D:7      | Noticed Maggie
  7841 | D:7      | Killed Maggie
  8878 | D:8      | Found a sparkling altar of Nemelex Xobeh.
  9327 | D:8      | Found a white marble altar of Elyvilon.
  9327 | D:8      | Found a basalt altar of Yredelemnul.
  9328 | D:8      | Found a shadowy altar of Dithmenos.
  9356 | D:8      | Reached XP level 10. HP: 63/73 MP: 10/10
  9406 | D:8      | Noticed Harold
  9420 | D:8      | Killed Harold
  9810 | D:9      | Noticed Erolcha
  9815 | D:9      | Killed Erolcha
  9815 | D:9      | Reached skill level 5 in Shields
 10024 | D:9      | Noticed a two-headed ogre
 10367 | D:9      | Killed a two-headed ogre
 10367 | D:9      | Reached skill level 10 in Axes
 10688 | D:9      | Reached skill level 10 in Fighting
 10767 | D:9      | Reached XP level 11. HP: 57/81 MP: 11/11
 10786 | D:10     | Entered Level 10 of the Dungeon
 10786 | D:10     | Found a staircase to the Orcish Mines.
 11335 | D:10     | Noticed Grum
 11340 | D:10     | Noticed Josephine
 11346 | D:10     | Slain by a wraith

Illustrated notes

Levels and vault maps discovered:
D:1:      arrival_aquarium_b, layout_basic, st_stairs_7, evilmike_ruin_ashenzari
D:2:      minmay_spotlight, layout_basic, serial_bayou, serial_bayou_pond_e,
          serial_bayou_pond_a, serial_bayou_pond_b, serial_bayou_pond_c,
          serial_bayou_pond_e, serial_bayou_pond_e, first_ration
D:3:      layout_basic, cheibriados_altar_1, fiery_altar_vehumet,
          kennysheep_generic_room_9
D:4:      layout_basic
D:5:      layout_basic, minmay_temple_entry_mini_moons, uniq_edmund,
          uniq_crazy_yiuf_cottage
D:6:      layout_loops_ring, lemuel_crystal_altar,
          nicolae_qazlal_style_of_elements, cheibrodos_sewer_entry_bend,
          serial_rivers, chequers_serial_rivers_small_b,
          chequers_serial_rivers_micro_d, chequers_serial_rivers_micro_e,
          chequers_serial_rivers_micro_c, serial_bayou_pond_d,
          grunt_decor_mini_mirrors, chequers_arboretum, uniq_menkaure,
          uniq_eustachio
D:7:      layout_basic, nicolae_tso_swordbearing_angel,
          grunt_temple_overflow_open, uniq_maggie
D:8:      layout_loops_corners, minitemple, uniq_harold
D:9:      cheibrodos_ideogram_h, layout_irregular_city, uniq_erolcha
D:10:     layout_basic, david_orc_1_choice, hangedman_fish_farm, uniq_josephine,
          uniq_grum
Temple:   kb_corrupted_temple

Skill      XL: |  1  2  3  4  5  6  7  8  9 10 |
---------------+-------------------------------+-----
Fighting       | 3 4 5 6 7 8 10 | 10.3
Axes           | 4 5 6 7 9 10 | 10.6
Dodging        | 4 5 6 |  6.3
Shields        | 3 6 |  6.9
Throwing       | |  2.0

Action                   |  1- 3 |  4- 6 |  7- 9 | 10-12 || total
-------------------------+-------+-------+-------+-------++-------
Melee: War axe           |    54 |   129 |   204 |   142 ||   529
       Constrict         |    15 |    36 |    33 |    27 ||   111
       Tentacles         |     6 |    22 |    59 |    29 ||   116
       Hand axe          |       |       |     9 |       ||     9
Throw: Throwing net      |       |     2 |     1 |       ||     3
Evoke: Wand              |       |       |     2 |     2 ||     4
  Use: Scroll            |       |     9 |     8 |     7 ||    24
       Potion            |       |     4 |       |     4 ||     8
 Stab: Sleeping          |     5 |     9 |     8 |     4 ||    26
       Held in net/web   |       |     1 |     3 |       ||     4
       Distracted        |       |       |     2 |     1 ||     3
  Eat: Chunk             |     1 |    10 |     9 |     3 ||    23
       Ration            |       |       |     3 |     1 ||     4
Armor: Skin              |     5 |    18 |     9 |     7 ||    39
Dodge: Dodged            |    44 |   115 |   119 |    75 ||   353
Block: Other             |       |     4 |    33 |       ||    37
       Reflection        |       |     1 |     1 |     6 ||     8
       Buckler           |       |       |    22 |    70 ||    92
